Map: New Repugnancy LE

Players

llllllllllll (Stats) - Winner!

  • Race: Protoss Protoss
  • League: Grandmaster
  • Spawn Location: 1:00

liquidthermy (uThermal)

  • Race: Terran Terran
  • Spawn Location: 7:00

Event: HomeStory Cup XIX

VOD

Have the link to the VOD?

Description

Time

  • Played on: June 27, 2019, 2:25 p.m.
  • Length: 6:24

All games in this series

Show
View Real Time Build Order
Export as new Build Order

llllllllllll Protoss - Winner!

Build Orders: Oracle Opening 

Get SALT Encoding   

  12  0:00  Probe  
  13  0:12  Probe  
  14  0:17  Pylon  
  14  0:24  Probe  
  15  0:32  Probe  
  15  0:36  Gateway  
  15  0:40  Probe  
  16  0:46  Assimilator  
  17  0:51  Probe  
  17  0:54  Assimilator  
  18  1:03  Probe  
  19  1:15  Probe  
  20  1:23  Cybernetics Core  
  20  1:26  Pylon  
  20  1:27  Probe  
  21  1:39  Probe  
  22  1:50  Adept  
  22  1:51  Probe  
  23  2:00  Stargate  
  25  2:02  Warp Gate  
  25  2:09  Pylon  
  25  2:11  Probe  
  26  2:21  Adept  
  27  2:33  Oracle  
  27  2:39  Nexus  
  30  2:47  Probe  
  31  2:59  Probe  
  31  3:01  Oracle  
  32  3:11  Probe  
  36  3:16  Adept  
  38  3:23  Probe  
  37  3:35  Probe  
  37  3:37  Pylon  
  37  3:41  Oracle, Pylon  
  38  3:44  Pylon  
  38  3:50  Probe  
  42  3:59  Stalker  
  42  4:09  Probe x2  
  42  4:13  Gateway  
  42  4:19  Gateway  
  42  4:26  Stalker  
  44  4:32  Probe x2  
  46  4:40  Probe, Pylon  
  46  4:44  Probe  
  48  4:51  Probe  
  48  4:53  Stalker  
  48  4:56  Probe  
  53  5:09  Twilight Council  
  53  5:10  Stalker  
  53  5:13  Stalker  
  56  5:19  Stalker  
  36  5:38  Stalker x2  
  36  5:42  Stalker  
  37  5:44  Probe x2  
  37  6:02  Stalker x2  
  37  6:03  Probe x2  
  33  6:13  Stalker  
Show
View Real Time Build Order
Export as new Build Order

liquidthermy Terran 

Build Orders: Gas First Reaper Expand 

Get SALT Encoding   

  12  0:01  SCV  
  13  0:14  SCV  
  14  0:17  Supply Depot  
  14  0:26  SCV  
  14  0:27  Refinery  
  15  0:39  SCV  
  16  0:45  Barracks  
  16  0:51  SCV  
  17  1:03  SCV  
  18  1:15  SCV  
  19  1:32  Orbital Command, Reaper  
  20  1:43  Command Center  
  20  1:54  Factory  
  20  1:58  SCV  
  21  2:05  Barracks Reactor  
  21  2:10  SCV  
  21  2:14  Supply Depot  
  22  2:22  SCV  
  23  2:26  Refinery  
  23  2:36  SCV  
  23  2:44  Starport  
  23  2:48  SCV  
  23  2:49  Hellion x2  
  28  2:55  Orbital Command  
  28  3:00  SCV  
  28  3:04  Barracks Tech Lab  
  29  3:10  Hellion x2  
  29  3:12  SCV  
  34  3:26  Viking  
  34  3:31  Widow Mine x2, SCV  
  34  3:32  SCV  
  30  3:43  SCV  
  30  3:44  SCV  
  31  3:53  Widow Mine x2  
  31  3:55  SCV  
  31  3:56  SCV  
  29  4:07  Viking  
  30  4:15  Widow Mine  
  32  4:23  SCV  
  33  4:28  SCV, Hellion  
  36  4:42  SCV  
  32  4:59  Viking  
  27  5:00  SCV  
  27  5:04  SCV  
  25  5:28  SCV  
  18  5:38  SCV  
  18  5:41  SCV  
  18  5:50  SCV  
  18  5:54  SCV  
  13  6:10  SCV  
Tags
 
Add a new tag
Caveats
  • Supply blocks, unpowered buildings, or Contaminate may cause inaccurate times.
  • Supply counts are checked every 10 seconds.